 Dungeon Crawl Stone Soup version 0.18-b1-14-g029dad2 (webtiles) character file.

3557 RudyRod the Reanimator (level 9, -9/61 HPs)
             Began as a Demonspawn Necromancer on Apr 30, 2016.
             Was a Follower of Vehumet.
             Mangled by a large slime creature (22 damage)
             ... on level 8 of the Dungeon.
             The game lasted 01:31:15 (10072 turns).

RudyRod the Reanimator (Demonspawn Necromancer)    Turns: 10072, Time: 01:31:16

Health: -9/61      AC: 10    Str:  8    XL:     9   Next: 83%
Magic:  25/30      EV: 14    Int: 19    God:    Vehumet [*.....]
Gold:   330        SH:  0    Dex: 14    Spells: 6 memorised, 9 levels left

rFire  + . .     SeeInvis .     e - +2 spear (distort)
rCold  . . .     Gourm    .     a - +2 robe
rNeg   . . .     Faith    .     (no shield)
rPois  .         Spirit   .     (helmet restricted)
rElec  .         Dismiss  .     (no cloak)
rCorr  +         Reflect  .     M - +0 pair of gloves
SustAt .         Harm     .     i - +0 pair of boots of the Duke {rF+ MR+}
MR     +....                    (no amulet)
Stlth  +++.......               T - ring of magical power
                                w - ring of resist corrosion

@: somewhat resistant to hostile enchantments, fairly stealthy
A: antennae 1, rough black scales 1, nightstalker 1, spiny 1
a: Renounce Religion


You were on level 8 of the Dungeon.
You worshipped Vehumet.
Vehumet was aware of your devotion.
You were not hungry.

You visited 2 branches of the dungeon, and saw 9 of its levels.
You also visited: Ossuary.

You collected 450 gold pieces.
You spent 120 gold pieces at shops.

Inventory:

Hand Weapons
 e - a +2 spear of distortion (weapon)
 r - a +2 short sword of draining
 y - a +0 dagger
Armour
 a - a +2 robe (worn)
 g - a +0 helmet
 i - the +0 pair of boots of the Duke (worn) {rF+ MR+}
   (You found it on level 4 of the Dungeon)

   It protects you from fire.
   It affects your resistance to hostile enchantments.
 v - a +0 ring mail of fire resistance
 C - a +1 animal skin
 D - the +3 helmet of Gegenoq {rN+ Str+5 Int+3 Dex-5}
   (You took it off Robin on level 4 of the Dungeon)

   It affects your strength (+5).
   It affects your intelligence (+3).
   It affects your dexterity (-5).
   It protects you from negative energy.
 E - a +0 pair of boots
 F - a +1 pair of boots
 M - a +0 pair of gloves (worn)
Magical Staves
 L - an uncursed staff of fire {unknown}
Jewellery
 w - a ring of resist corrosion (left hand)
 I - an uncursed ring of ice
 T - a ring of magical power (right hand)
 U - an uncursed ring of resist corrosion
Wands
 q - a wand of slowing (20/48)
 t - a wand of iceblast (4/15)
 N - a wand of disintegration (12/24)
 P - a wand of random effects (28/48)
 R - a wand of flame (34/48)
Scrolls
 d - 2 scrolls of recharging
 f - 5 scrolls of amnesia
 m - 4 scrolls of remove curse
 H - 4 scrolls of enchant armour
 O - 2 scrolls of teleportation
 S - 2 scrolls of fog {unknown}
Potions
 j - a potion of might {unknown}
 k - a potion of mutation {unknown}
 l - 6 potions of curing
 n - 2 potions of ambrosia {unknown}
 p - 2 potions of haste {unknown}
 s - 4 potions of invisibility
 u - a potion of berserk rage {unknown}
 x - 3 potions of resistance {unknown}
 z - a potion of degeneration {unknown}
 A - a potion of brilliance {unknown}
 B - a potion of beneficial mutation {unknown}
 J - 2 potions of lignification {unknown}
 K - 2 potions of agility {unknown}
Books
 b - a book of Necromancy

   Spells                             Type                      Level
   a - Pain                           Necromancy                   1
   b - Animate Skeleton               Necromancy                   1
   c - Vampiric Draining              Necromancy                   3
   d - Regeneration                   Charms/Necromancy            3
   e - Animate Dead                   Necromancy                   4
   f - Control Undead                 Necromancy                   4
 G - a book of Misfortune

   Spells                             Type                      Level
   a - Confusing Touch                Hexes                        2
   b - Confuse                        Hexes                        3
   c - Gell's Gravitas                Hexes/Translocation          3
   d - Petrify                        Transmutation/Earth          4
   e - Metabolic Englaciation         Hexes/Ice                    5
   f - Yara's Violent Unravelling     Hexes/Transmutation          5
Comestibles
 c - 5 bread rations
 h - 2 slices of pizza
 o - 3 beef jerkies
 Q - a meat ration


   Skills:
 + Level 2.0 Fighting
 + Level 1.3 Polearms
 + Level 3.9 Dodging
 + Level 3.3 Stealth
 + Level 0.1 Unarmed Combat
 + Level 8.8 Spellcasting
 + Level 1.3 Conjurations
 + Level 1.8 Hexes
 + Level 9.5 Necromancy
 + Level 1.6 Translocations
 * Level 2.2 Fire Magic


You had 9 spell levels left.
You knew the following spells:

 Your Spells              Type           Power        Failure   Level  Hunger
a - Pain                  Necr           ####         1%          1    None
b - Vampiric Draining     Necr           #####.....   1%          3    None
c - Animate Dead          Necr           N/A          1%          4    ###....
d - Control Undead        Necr           #####.....   1%          4    ###....
e - Gell's Gravitas       Hex/Tloc       ###.......   14%         3    None
f - Flame Tongue          Conj/Fire      ###..        6%          1    None


Dungeon Overview and Level Annotations

Branches:
Dungeon (8/15)             Temple (1/1) D:6
   Lair: D:8-11

Altars:
Ashenzari
Cheibriados
Dithmenos
Elyvilon
Fedhas
Gozag
Kikubaaqudgha
Makhleb
Nemelex Xobeh
Okawaru
Pakellas
Qazlal
Ru
Sif Muna
Trog
Vehumet
Xom
Yredelemnul
Zin
The Shining One

Shops:
D:4 *


Innate Abilities, Weirdness & Mutations

You have a pair of small antennae on your head.
You are partially covered in rough black scales (AC +4, Dex -1).
You are slightly more attuned to the shadows.
You are partially covered in sharp spines.


Message History

Confirm with . or Enter, or press ? or * to list all spells.
Aiming: Pain
Press: ? - help, Shift-Dir - straight line, f/p - large slime creature
Aim: a large slime creature (moderately wounded, chance to defeat MR: 71%)
The large slime creature convulses in agony!
Your centaur skeleton hits the large slime creature!
The large slime creature is struck by your spines.
The large slime creature hits you!!
* * * LOW HITPOINT WARNING * * *
Casting: Pain
Confirm with . or Enter, or press ? or * to list all spells.
Aiming: Vampiric Draining
Press: ? - help, Shift-Dir - straight line, f/p - large slime creature
Aim: a large slime creature (moderately wounded)
Okay, then.
Drink which item? (? for menu, Esc to quit)
You feel better.
Your centaur skeleton hits the large slime creature but does no damage.
The large slime creature hits you!!
You die...

#.# #.# #.# #.#
###.# #.# #...##
#.# #.#..# #.#
##....####
#J#####........###
#@ZZ...._..._).(..
#####..........###
#.._..⌠.._.#
#..........#
###._..._.##
#....)..#
###...### #####


You could see a large slime creature, a friendly orc zombie and a friendly
centaur skeleton.

Vanquished Creatures
  The ghost of Alarkh the Ruffian, an amateur DrTm (Ossuary)
  A spriggan (D:7)
  2 orc warriors
  2 ice beasts (D:5)
  A sky beast (D:7)
  An ogre (D:4)
  2 centaurs
  2 giant frogs
  A gnoll sergeant (D:7)
  13 scorpions
  4 killer bees (D:8)
  3 wights (D:6)
  2 crimson imps
  A centaur zombie (Ossuary)
  A jelly (D:8)
  3 hounds
  A giant frog skeleton (D:3)
  3 orc priests
  3 human zombies (Ossuary)
  5 orc wizards
  Jessica (D:1)
  2 iguanas
  6 worker ants
  Terence (D:2)
  A killer bee zombie (D:7)
  A hound skeleton (D:5)
  2 mummies (Ossuary)
  Robin (D:4)
  8 gnolls
  A howler monkey skeleton (D:4)
  8 adders
  A scorpion zombie (Ossuary)
  An ooze (D:4)
  2 worms
  3 dart slugs
  2 giant geckos
  23 orcs
  4 ball pythons
  5 giant cockroaches
  2 gnoll zombies (Ossuary)
  19 goblins
  8 hobgoblins
  13 jackals
  9 kobolds
  2 quokkas
  3 bats
  A giant newt (D:1)
  A goblin zombie (Ossuary)
  A hobgoblin zombie (Ossuary)
  A kobold zombie (Ossuary)
  An orc zombie (Ossuary)
  11 rats
  2 fungi (D:7)
199 creatures vanquished.

Vanquished Creatures (collateral kills)
  A phantom (D:4)
  A killer bee (D:8)
  A howler monkey (D:7)
  2 gnolls (D:7)
  An adder (D:4)
6 creatures vanquished.

Vanquished Creatures (others)
  A wight (D:6)
  A centaur zombie (Ossuary)
  A hound (D:3)
  A mummy (Ossuary)
  2 scorpion zombies (Ossuary)
  An adder (D:4)
  A gnoll zombie (Ossuary)
  A goblin zombie (Ossuary)
  A fungus (D:7)
10 creatures vanquished.

Grand Total: 215 creatures vanquished

Notes
Turn   | Place    | Note
--------------------------------------------------------------
     0 | D:1      | RudyRod the Demonspawn Necromancer began the quest for the Orb.
     0 | D:1      | Reached XP level 1. HP: 13/13 MP: 3/3
   186 | D:1      | Gained mutation: You are partially covered in rough black scales (AC +4, Dex -1). [demonic ancestry]
   186 | D:1      | Reached XP level 2. HP: 18/19 MP: 3/5
   458 | D:1      | Reached skill level 5 in Necromancy
   763 | D:1      | Reached XP level 3. HP: 24/24 MP: 4/6
   999 | D:2      | Noticed Jessica
   999 | D:2      | Noticed Terence
  1007 | D:1      | Killed Jessica
  1097 | D:2      | Killed Terence
  1097 | D:2      | Reached XP level 4. HP: 26/30 MP: 3/8
  1617 | D:2      | Found a bloodstained altar of Trog.
  1642 | D:2      | Reached XP level 5. HP: 35/35 MP: 10/10
  2019 | D:3      | Learned a level 3 spell: Vampiric Draining
  2024 | D:3      | Learned a level 4 spell: Animate Dead
  2037 | D:3      | Found a burning altar of Makhleb.
  2318 | D:3      | Found a shattered altar of Ashenzari.
  2747 | D:4      | Found a sand-covered staircase.
  2760 | Ossuary  | Entered an ossuary
  2779 | Ossuary  | Learned a level 4 spell: Control Undead
  2806 | Ossuary  | Reached XP level 6. HP: 37/41 MP: 12/12
  2808 | Ossuary  | Reached skill level 6 in Necromancy
  3284 | Ossuary  | Reached skill level 5 in Spellcasting
  3284 | Ossuary  | Gained mutation: You are slightly more attuned to the shadows. [demonic ancestry]
  3284 | Ossuary  | Reached XP level 7. HP: 37/46 MP: 4/14
  3372 | Ossuary  | Noticed Alarkh's ghost (amateur DrTm)
  3422 | Ossuary  | Killed Alarkh's ghost
  3598 | Ossuary  | Reached skill level 7 in Necromancy
  3696 | Ossuary  | Reached skill level 1 in Polearms
  3845 | Ossuary  | Gained mutation: You have a pair of small antennae on your head. [demonic ancestry]
  3845 | Ossuary  | Reached XP level 8. HP: 52/53 MP: 14/17
  4124 | D:4      | Noticed Robin
  4153 | D:4      | Killed Robin
  4158 | D:4      | Got an encrusted helmet
  4163 | D:4      | Identified the +3 helmet of Gegenoq {rN+ Str+5 Int+3 Dex-5} (You took it off Robin on level 4 of the Dungeon)
  4524 | D:4      | Reached skill level 1 in Fighting
  4838 | D:4      | Found Xosehich's Assorted Antiques.
  4880 | D:4      | Reached skill level 8 in Necromancy
  5025 | D:4      | Bought a potion of curing for 93 gold pieces
  5025 | D:4      | Bought a blue potion for 27 gold pieces
  5182 | D:4      | Got a pair of smoking boots
  5246 | D:4      | Learned a level 3 spell: Gell's Gravitas
  5748 | D:5      | Entered Level 5 of the Dungeon
  5796 | D:5      | Identified the +0 pair of boots of the Duke {rF+ MR+} (You found it on level 4 of the Dungeon)
  6607 | D:6      | Found a staircase to the Ecumenical Temple.
  6616 | Temple   | Entered the Ecumenical Temple
  6697 | Temple   | Became a worshipper of Vehumet
  6782 | D:6      | Gained mutation: You are partially covered in sharp spines. [demonic ancestry]
  6782 | D:6      | Reached XP level 9. HP: 51/59 MP: 17/20
  7755 | D:6      | Reached skill level 1 in Hexes
  7806 | D:6      | Reached skill level 9 in Necromancy
  8217 | D:7      | Reached skill level 1 in Translocations
  8701 | D:7      | Reached * piety under Vehumet
  8701 | D:7      | Offered knowledge of Flame Tongue by Vehumet.
  8718 | D:7      | Learned a level 1 spell: Flame Tongue
  8794 | D:7      | Noticed a hill giant
  9081 | D:7      | Reached skill level 1 in Fire Magic
  9240 | D:8      | Reached skill level 1 in Conjurations
  9514 | D:8      | Found an oddly glowing altar of Pakellas.
  9516 | D:8      | Found an iron altar of Okawaru.
  9517 | D:8      | Found a snail-covered altar of Cheibriados.
 10050 | D:8      | Found a basalt altar of Yredelemnul.
 10050 | D:8      | Found a shadowy altar of Dithmenos.
 10051 | D:8      | Found a stormy altar of Qazlal.
 10072 | D:8      | Mangled by a large slime creature

Skill      XL: |  1  2  3  4  5  6  7  8  9 |
---------------+----------------------------+-----
Necromancy     | 5 6 7 8 9 |  9.5
Dodging        | 2 3 |  3.9
Spellcasting   | 3 4 5 6 7 8 |  8.8
Stealth        | 2 3 |  3.3
Polearms       | 1 |  1.3
Fighting       | 1 2 |  2.0
Hexes          | 1 |  1.8
Translocations | 1 |  1.6
Fire Magic     | 2 |  2.2
Conjurations   | 1 |  1.3
Unarmed Combat | |  0.1

Action                   |  1- 3 |  4- 6 |  7- 9 || total
-------------------------+-------+-------+-------++-------
Melee: Spear             |    17 |    49 |   155 ||   221
       Unarmed           |     3 |       |       ||     3
 Cast: Pain              |    35 |    89 |   215 ||   339
       Vampiric Draining |       |       |    16 ||    16
       Animate Dead      |       |       |     9 ||     9
       Control Undead    |       |       |     3 ||     3
       Gell's Gravitas   |       |       |     1 ||     1
       Flame Tongue      |       |       |    56 ||    56
  Use: Potion            |       |       |     4 ||     4
       Scroll            |       |       |    16 ||    16
 Stab: Distracted        |       |       |     2 ||     2
       Sleeping          |       |       |     2 ||     2
  Eat: Chunk             |     1 |     3 |     4 ||     8
       Bread ration      |       |     1 |     4 ||     5
Armor: Robe              |     6 |    16 |    62 ||    84
Dodge: Dodged            |    16 |    41 |   142 ||   199
